Map: Frostline LE

Players

wootwoot - Winner!

  • Race: Terran Terran
  • League: Diamond
  • Spawn Location: 1:00

cainiao

  • Race: Protoss Protoss
  • League: Diamond
  • Spawn Location: 7:00

VOD

Have the link to the VOD?

Description

Time

  • Played on: April 22, 2025, 6 a.m.
  • Length: 3:23
Show
View Real Time Build Order
Export as new Build Order

wootwoot Terran - Winner!

Build Orders:  

Get SALT Encoding   

  12  0:00  SCV  
  13  0:12  SCV  
  14  0:19  Supply Depot  
  14  0:24  SCV  
  15  0:31  Refinery  
  15  0:45  Barracks  
  15  1:01  Barracks  
  15  1:21  Barracks  
  15  1:32  Reaper  
  16  1:41  Refinery  
  16  1:48  Reaper  
  17  2:04  Reaper  
  17  2:07  Reaper  
  19  2:20  Reaper  
  20  2:27  SCV  
  21  2:36  Reaper  
  22  2:39  SCV  
  23  2:59  Supply Depot  
Show
View Real Time Build Order
Export as new Build Order

cainiao Protoss 

Build Orders: 1 Gate Expand 

Get SALT Encoding   

  12  0:02  Probe  
  13  0:14  Probe  
  13  0:20  Pylon  
  14  0:26  Probe  
  15  0:41  Gateway, Probe  
  16  0:49  Assimilator  
  16  0:59  Probe  
  17  1:11  Probe  
  18  1:23  Probe  
  19  1:28  Cybernetics Core  
  19  1:41  Nexus  
  19  1:45  Probe  
  20  1:52  Assimilator  
  20  2:00  Sentry  
  20  2:03  Pylon  
  22  2:14  Probe  
  23  2:26  Shield Battery, Probe, Stalker  
Tags
 
Add a new tag
Caveats
  • Supply blocks, unpowered buildings, or Contaminate may cause inaccurate times.
  • Supply counts are checked every 10 seconds.